 Dungeon Crawl Stone Soup version 0.25.1-1-g288607f5aa (webtiles) character file.

Game seed: 18103054364068985677

68 H0rd4k the Insei (level 4, -3/28 HPs)
             Began as an Octopode Transmuter on July 22, 2020.
             Slain by a goblin
             ... wielding a +0 dagger
              (4 damage)
             ... on level 3 of the Dungeon.
             The game lasted 00:01:37 (1604 turns).

H0rd4k the Insei (Octopode Transmuter)              Turns: 1604, Time: 00:01:38

Health: -3/28      AC:  1    Str:  9    XL:     4   Next: 19%
Magic:  7/7        EV: 13    Int: 16    God:
Gold:   123        SH:  0    Dex: 12    Spells: 1/7 levels left

rFire    x . .     SeeInvis .     - Unarmed
rCold    + . .     Gourm    .   (no shield)
rNeg     . . .     Faith    .   (helmet restricted)
rPois    .         Spirit   .   (no amulet)
rElec    .         Reflect  .   f - ring of ice
rCorr    .         Harm     .   i - ring of wizardry
MR       .....                  (no ring)
Stlth    +++.......             (no ring)
HPRegen  0.09/turn              (no ring)
MPRegen  0.10/turn              (no ring)
                                (no ring)
                                (no ring)

@: no status effects
A: almost no armour, stealthy swim, amphibious, 8 rings, constrict 8, camouflage
1, gelatinous body 1
a: no special abilities


You were on level 3 of the Dungeon.
You were not hungry.

You visited 1 branch of the dungeon, and saw 3 of its levels.

You collected 123 gold pieces.

Inventory:

Missiles
 a - 35 arrows
 n - 6 boomerangs (quivered)
Jewellery
 f - a ring of ice (left tentacle)
 i - a ring of wizardry (right tentacle)
 q - an uncursed ring of magical power {unknown}
Scrolls
 b - a scroll of blinking {unknown}
 d - a scroll of magic mapping {unknown}
 j - a scroll of enchant weapon {unknown}
 l - a scroll of identify {unknown}
 m - a scroll of remove curse {unknown}
Potions
 e - a potion of stabbing {unknown}
 g - a potion of brilliance {unknown}
 h - a potion of heal wounds {unknown}
 k - a potion of lignification {unknown}
 p - 2 potions of flight {unknown}
Comestibles
 c - 6 rations
 o - 8 chunks of flesh


   Skills:
 + Level 1.0 Fighting
 + Level 2.2 Dodging
 + Level 1.2 Stealth
 + Level 4.2 Unarmed Combat
 * Level 2.2 Spellcasting
 * Level 2.3 Transmutations


You had one spell level left.
You knew the following spells:

 Your Spells              Type           Power        Failure   Level  Hunger
a - Beastly Appendage     Tmut           #.....       3%          1    #......
b - Sticks to Snakes      Tmut           #.......     4%          2    ###....
c - Spider Form           Tmut/Pois      #.........   16%         3    ###....

Your spell library contained the following spells:

 Spells                   Type           Power        Failure   Level  Hunger
 Ice Form                 Ice/Tmut       #.......     43%         4    #####..
 Blade Hands              Tmut           #.........   61%         5    ######.


Dungeon Overview and Level Annotations

Branches:
Dungeon (3/15)

Altars:


Innate Abilities, Weirdness & Mutations

You cannot wear most types of armour.
You are very stealthy in the water. (Stealth+)
You are amphibious.
You can wear up to eight rings at the same time.
You can use your tentacles to constrict eight enemies at once.
Your skin changes colour to match your surroundings (Stealth+).
Your rubbery body absorbs attacks. (AC +1, EV +1)


Message History

The goblin shouts!
You see here a tubular golden ring.
q - a tubular golden ring Your transformation is almost over.
A rat comes into view.
There is a stone staircase leading up here.
Your tentacle spike disappears.
There is a stone staircase leading up here.
The rat bites you.
You closely miss the rat. Your grab misses the rat. The rat bites you.
The hippogriff bites you! The hippogriff misses you.
The hippogriff barely misses you. The hippogriff bites you!
* * * LOW HITPOINT WARNING * * *
The hippogriff pecks you.
* * * LOW HITPOINT WARNING * * *
The hippogriff claws you.
* * * LOW HITPOINT WARNING * * *
The goblin hits you with a +0 dagger.
You die...

#.##.##........#
#..............#
####.##........#
#.####...##.# #.#
#...##g# # #.#
##.###.# .# #.#
#r###.######..##. #.#
#.H.<............ #.
#@g...........#
#........##.#####.(.#
#######.###... .....
#.# ##### #... #.# ##
#.# #.# #..


You could see a hippogriff, a goblin and a rat.

Vanquished Creatures
  Jessica (D:3)
  An ooze (D:2)
  A worm (D:2)
  A dart slug (D:3)
  3 leopard geckos
  2 ball pythons
  3 giant cockroaches (D:2)
  A goblin (D:1)
  4 hobgoblins
  5 kobolds
  A bat (D:2)
  2 frilled lizards
  6 rats
31 creatures vanquished.

Notes
Turn   | Place    | Note
-------+----------+-------------------------------------------
     0 | D:1      | H0rd4k the Octopode Transmuter began the quest for the Orb.
     0 | D:1      | Reached XP level 1. HP: 13/13 MP: 3/3
    62 | D:1      | Reached XP level 2. HP: 13/18 MP: 5/5
   869 | D:2      | Reached XP level 3. HP: 20/23 MP: 6/6
   971 | D:2      | Learned a level 2 spell: Sticks to Snakes
   975 | D:2      | Learned a level 3 spell: Spider Form
  1179 | D:2      | Reached skill level 4 in Unarmed Combat
  1483 | D:3      | Noticed Jessica
  1490 | D:3      | Killed Jessica
  1490 | D:3      | Reached skill level 1 in Stealth
  1490 | D:3      | Reached XP level 4. HP: 28/28 MP: 5/7
  1577 | D:3      | Noticed a hippogriff
  1603 | D:3      | HP: 1/28 [hippogriff (2)]
  1604 | D:3      | Slain by a goblin

Illustrated notes

Levels and vault maps discovered:
D:1:      dpeg_arrival_pond, layout_basic, minmay_misc_feat_cross,
          minmay_cut_off
D:2:      layout_rooms, nrook_campfire
D:3:      layout_loops_ring, zin_academy, first_ration, uniq_jessica

Skill      XL: |  1  2  3 |
---------------+----------+-----
Unarmed Combat | 4 |  4.2
Stealth        | 1 |  1.2
Fighting       | |  1.0
Dodging        | |  2.2
Spellcasting   | |  2.2
Transmutations | |  2.3

Action                   |  1- 3 |  4- 6 || total
-------------------------+-------+-------++-------
Melee: Unarmed           |    61 |     5 ||    66
       Constrict         |    19 |     1 ||    20
       Tentacles         |     8 |     1 ||     9
       Kick              |     3 |       ||     3
 Cast: Beastly Appendage |     2 |     1 ||     3
 Stab: Sleeping          |     6 |     1 ||     7
  Eat: Chunk             |     2 |       ||     2
Armor: Skin              |     6 |       ||     6
Dodge: Dodged            |    30 |     4 ||    34
